Unix NetHack Version 5.0.0-0 post-release - last build Jun 10 2026 00:39:30 (3ee93aec679c4c4259841fe613dc97188e26a321,branch:main).

Game began 2026-06-19 21:42:08, ended 2026-06-19 22:10:35.

DaveT, lawful male human Priest

     ----------           ----------      ---------------
     |........|           |........|      |.....<.......|            ---------
     |..>.....|   ########-.........######-.............-#          #-.......|
     |.........####       ----------      ---------------#          #|.......|
     |........|                                          #        ###........|
     -.--------                                          #        # #|.......|
      #####                                              #       ####---------
          ##                          #########          ####*#  #
           #                               #  #######       # #  #
           #######                  -------|------- ######    ## #
          -------|-         ########..............|      #  *  ###----------
          |........##########       |.............|     -.-.--  ##|+)*.+*%[|
          |.......|                 |..............#    |..{.| @o%|..%.+..+|
          |.......|                 |`............|##   |....| [ %-@/!(*.)%|
          ---------                 |.............| ##  |....|##  ----------
                                    ---------------  ###......#
                                                        ------

DaveT the Adept              St:12 Dx:10 Co:16 In:10 Wi:18 Ch:10  Lawful
Dlvl:3  $:400 HP:0(59) Pw:26(74) AC:6  Xp:7 T:5104  Burdened

Latest messages:
 A poisoned crude arrow misses you.
 You are hit by a poisoned crude arrow.
 The poison doesn't seem to affect you.
 The Uruk-hai thrusts her crude short sword.
 The Uruk-hai hits!
 In what direction? .
 You feel better.
 In what direction? .
 You feel better.
 The Uruk-hai thrusts her crude short sword.
 The Uruk-hai hits!
 The Uruk-hai thrusts her crude short sword.
 The Uruk-hai hits!
 You hit the Uruk-hai!
 The Uruk-hai thrusts her crude short sword.
 The Uruk-hai hits!
 In what direction? .
 You feel better.
 The Uruk-hai thrusts her crude short sword.
 The Uruk-hai hits!
 You kill the Uruk-hai!
 You see here a coarse mantelet.
 In what direction? .
 You feel better.
 In what direction? .
 You feel better.
 You see here a coarse mantelet.
 You kill the lichen!
 You see here a poisoned crude arrow.
 The Uruk-hai picks up a pair of hard shoes.
 The Uruk-hai thrusts her crude short sword.
 The Uruk-hai hits!
 You miss the Uruk-hai.
 The Uruk-hai thrusts her crude short sword.
 The Uruk-hai hits!
 You hit the Uruk-hai!
 You miss the Uruk-hai.
 The Uruk-hai thrusts her crude short sword.
 The Uruk-hai hits!
 The Uruk-hai thrusts her crude short sword.
 The Uruk-hai hits!
 You hit the Uruk-hai!
 The Uruk-hai thrusts her crude short sword.
 The Uruk-hai hits!
 You hit the Uruk-hai!
 The Uruk-hai thrusts her crude short sword.
 The Uruk-hai hits!
 You die...
 Do you want your possessions identified? [ynq] (y) y
 Do you want to see your attributes? [ynq] (y) q

Inventory:
 Coins    ('$')
  $ - 400 gold pieces
 Weapons  (')')
  B - 5 +0 daggers
  s - a +0 elven dagger (at the ready)
  O - the +1 Demonbane (weapon in right hand)
  a - a blessed +1 mace
 Armor    ('[')
  l - a +0 orcish helm (being worn)
  c - a +3 small shield
  R - a +0 mummy wrapping
  b - a blessed +1 robe (being worn)
  H - a +0 plate mail
 Comestibles  ('%')
  e - 2 cloves of garlic
  i - 3 food rations
  y - a fortune cookie
  Q - 2 lembas wafers
  f - 2 sprigs of wolfsbane
 Scrolls  ('?')
  A - 2 scrolls of blank paper
  z - a scroll of identify
 Potions  ('!')
  x - a cursed potion of gain level
  L - a potion of object detection
  S - a cursed potion of object detection
  E - a potion of oil
  d - 4 potions of holy water
  o - a potion of water
 Rings    ('=')
  n - a ring of levitation
  q - a ring of slow digestion (on left hand)
 Wands    ('/')
  r - a wand of create monster (0:4)
  V - a wand of lightning (0:5)
  J - a wand of magic missile (0:0)
  C - a wand of secret door detection (0:15)

DaveT the Priest's attributes:

Background:
 You were an Adept, a level 7 human Priest.
 You were lawful, on a mission for Ptah
 who was opposed by Thoth (neutral) and Anhur (chaotic).
 You were right-handed.
 You were in the Dungeons of Doom, on level 3.
 You entered the dungeon 5104 turns ago.
 It was nighttime.
 You had 1206 experience points, 74 more were needed to attain level 8.

Basics:
 You had 0 out of 59 hit points.
 You had 26 out of 74 energy points (spell power).
 Your armor class was 6.
 Your wallet contained 400 zorkmids.
 Autopickup was off.

Final Characteristics:
 Your strength was 12 (limit:18/100).
 Your dexterity was 10 (peak:12, limit:18).
 Your constitution was 16 (limit:18).
 Your intelligence was 10 (limit:18).
 Your wisdom was 18 (limit:18).
 Your charisma was 10 (limit:18).

Final Status:
 You weren't hungry.
 You were burdened; movement was slightly slowed.
 You were wielding a mace.
 You had expert skill with mace.

Final Attributes:
 You were piously aligned.
 You were poison resistant.
 You were telepathic.
 You had slower digestion.
 You were guarded.
 Your spell casting was enhanced by wearing a robe.
 You were lucky.
 You are dead.

Miscellaneous:
 You didn't encounter any bones levels.
 Total elapsed playing time was 28 minutes and 27 seconds.

Major events:
 Turn
    1: DaveT the lawful human Priest entered the dungeon
 1117: attained the rank of Acolyte (level 3)
 1832: entered the Gnomish Mines
 2891: attained the rank of Adept (level 6)
 3585: was bestowed with Demonbane by Ptah
 5104: killed by an Uruk-hai

Spells:
 Name                 Level Category     Fail Retention
 healing                1   healing        0%   51%-75%
 identify               3   divination     0%   71%-80%
 detect monsters        1   divination     0%   81%-90%
 sleep                  3   enchantment   68%  76%-100%

Skills:
 Fighting Skills
   bare handed combat [Unskilled]
 Weapon Skills
   club               [Unskilled]
   mace               [Expert]
   morning star       [Unskilled]
   flail              [Unskilled]
   hammer             [Unskilled]
   quarterstaff       [Unskilled]
   polearms           [Unskilled]
   spear              [Unskilled]
   trident            [Unskilled]
   lance              [Unskilled]
   bow                [Unskilled]
   sling              [Unskilled]
   crossbow           [Unskilled]
   dart               [Unskilled]
   shuriken           [Unskilled]
   boomerang          [Unskilled]
   unicorn horn       [Unskilled]
 Spellcasting Skills
   healing spells     [Unskilled]
   divination spells  [Basic]
   clerical spells    [Basic]

Voluntary challenges:
 Character rerolling was not enabled.
 You never genocided any monsters.
 You never polymorphed an object.
 You never changed form.
 You used no wishes.
Achievements:
 You entered a shop.
 You attained the rank of Acolyte.
 You entered the Gnomish Mines.
 You attained the rank of Adept.

 The Dungeons of Doom: levels 1 to 6
    Level 1:
    Level 2:
       A fountain.
    Level 3: <- You were here.
       A general store, a fountain.
       Final resting place for
          you, killed by an Uruk-hai.
    Level 4:
       Some fountains.
       Stairs down to The Gnomish Mines.
    Level 5:
       A fountain, a grave.
    Level 6:
       An altar to Ptah, a fountain.
 The Gnomish Mines:
    Level 5:


Vanquished creatures:
  a small mimic
 an orc mummy
  a dingo
  a blue jelly
  a dust vortex
  a bugbear
  2 mountain nymphs
  2 Mordor orcs
  6 Uruk-hai
  3 rock moles
  a fog cloud
  a yellow light
  a violet fungus
  a gnome leader
  a gnomish wizard
  2 gray oozes
 an elf zombie
  a straw golem
  3 little dogs
  a floating eye
  7 hill orcs
  a rothe
  3 giant bats
  a monkey
  4 orc zombies
  3 iguanas
 12 killer bees
 an acid blob
  2 large kobolds
  3 cave spiders
  a brown mold
  2 yellow molds
  a green mold
  3 gnomes
  2 geckos
  7 jackals
  2 foxes
  a kobold
  4 goblins
  3 sewer rats
 11 grid bugs
  a bat
  3 lichens
  7 newts
117 creatures vanquished.

No species were genocided or became extinct.

Game over:
                       ----------
                      /          \
                     /    REST    \
                    /      IN      \
                   /     PEACE      \
                  /                  \
                  |      DaveT       |
                  |      400 Au      |
                  |   killed by an   |
                  |     Uruk-hai     |
                  |                  |
                  |                  |
                  |       2026       |
                 *|     *  *  *      | *
        _________)/\\_//(\/(/\)/\//\/|_)_______

Goodbye DaveT the Priest...

You died in The Dungeons of Doom on dungeon level 3 with 5474 points,
and 400 pieces of gold, after 5104 moves.
You were level 7 with a maximum of 59 hit points when you died.

